 Dungeon Crawl Stone Soup version 0.14-a0-1297-g3d87a2a (webtiles) character file.

7748 PolkaDot the Conjurer (level 10, -6/63 HPs)
             Began as a Vampire Conjurer on Dec 4, 2013.
             Was an Elder of Sif Muna.
             Mangled by a komodo dragon (21 damage)
             ... on Level 1 of the Lair of Beasts.
             The game lasted 01:10:55 (11321 turns).

PolkaDot the Conjurer (Vampire Conjurer)           Turns: 11321, Time: 01:10:55

HP  -6/63        AC  9     Str  7      XL: 10   Next: 84%
MP   0/18        EV 12     Int 20      God: Sif Muna [****..]
Gold 641         SH  0     Dex 14      Spells:  5 memorised,  0 levels left

rFire  . . .     SeeInvis +     e - +3,+4 dagger (vamp)
rCold  + + .     Clarity  +     w - +2 robe {rC+}
rNeg   + + +     Conserve .     (no shield)
rPois  +         rCorr    .     k - +1 elf cap
rElec  .         rRot     +     D - +0 cloak (curse)
SustAb + .       Spirit   .     n - +0 pair of gloves
rMut   .         Warding  .     o - +0 pair of boots (curse)
Saprov . . .     Stasis   .     p - amulet of clarity
                                j - ring of sustain abilities
                                C - ring of positive energy

@: regenerating slowly, about to teleport, somewhat resistant to hostile
enchantments, stealthy
A: bottle blood, fangs 3, molten scales 1, see invisible, (high mp 0),
unbreathing
a: Bat Form, Bottle Blood, Channel Energy, Forget Spell, Renounce Religion


You were on level 1 of the Lair of Beasts.
You worshipped Sif Muna.
Sif Muna was greatly pleased with you.
You were thirsty.

You visited 3 branches of the dungeon, and saw 12 of its levels.
You also visited: Sewer.

You collected 641 gold pieces.

Inventory:

Hand weapons
 e - a +3,+4 vampiric dagger (weapon)
Armour
 k - a +1 elven cap (worn)
 m - the cursed +3 leather armour of Okawaru's Generosity {+Inv Acc+3}
   (You found it on level 6 of the Dungeon)

   It affects your accuracy (+3).
   It lets you turn invisible.
   It has a curse placed upon it.
 n - a +0 pair of gloves (worn)
 o - a cursed +0 pair of boots (worn)
 w - a +2 robe of cold resistance (worn)
 D - a cursed +0 cloak (worn)
Magical devices
 y - a wand of cold (3)
 z - a wand of disintegration (9)
Scrolls
 a - 2 scrolls of fear
 d - 13 scrolls of teleportation
 h - 2 scrolls of fog
 q - 2 scrolls of recharging
 v - a scroll of amnesia
 A - 2 scrolls of magic mapping
 G - 2 scrolls of remove curse
 H - 3 scrolls of identify
Jewellery
 f - a cursed ring of protection from fire
 j - a ring of sustain abilities (right hand)
 p - an amulet of clarity (around neck)
 t - an uncursed ring of hunger
 C - a ring of positive energy (left hand)
Potions
 b - 4 potions of curing
 g - a potion of restore abilities
 r - a potion of mutation
 s - 3 potions of heal wounds
 u - 4 potions of flight
 x - a potion of brilliance
 B - a potion of cure mutation
Books
 c - a book of Conjurations

   Spells                             Type                      Level
   *Magic Dart                        Conjuration                  1
   *Searing Ray                       Conjuration                  2
   Dazzling Spray                     Conjuration/Hexes            3
   *Iskenderun's Mystic Blast         Conjuration                  4
   Iskenderun's Battlesphere          Conjuration/Charms           4
   *Fulminant Prism                   Conjuration/Hexes            5
 i - a book of Transfigurations

   Spells                             Type                      Level
   Stoneskin                          Transmutation/Earth          2
   Ice Form                           Ice/Transmutation            4
   Statue Form                        Transmutation/Earth          6
   Dragon Form                        Transmutation                7
 E - a book of the Dragon

   Spells                             Type                      Level
   *Flight                            Charms/Air                   3
   Cause Fear                         Hexes                        4
   Bolt of Fire                       Conjuration/Fire             6
   Dragon Form                        Transmutation                7
   Summon Dragon                      Summoning                    9
 F - a book of Hinderance

   Spells                             Type                      Level
   Confusing Touch                    Hexes                        1
   Slow                               Hexes                        2
   Confuse                            Hexes                        3
   Petrify                            Transmutation/Earth          4
   Leda's Liquefaction                Hexes/Earth                  4
   Metabolic Englaciation             Hexes/Ice                    6
Magical staves
 l - an uncursed staff of fire


   Skills:
 - Level 5.1 Short Blades
 - Level 2.1 Dodging
 - Level 3.0 Stealth
 - Level 3.0 Spellcasting
 + Level 11.7 Conjurations
 - Level 7.2 Hexes
 * Level 0.6 Air Magic


You couldn't memorise any spells.
You knew the following spells:

 Your Spells              Type           Power        Failure   Level  Hunger
a - Magic Dart            Conj           ####         1%          1    None
d - Iskenderun's Mystic   Conj           ######..     1%          4    ####...
f - Fulminant Prism       Conj/Hex       #####.....   10%         5    #####..
s - Searing Ray           Conj           ######       1%          2    ##.....
F - Flight                Chrm/Air       #.........   38%         3    ###....


Dungeon Overview and Level Annotations

Branches:
Dungeon (10/16)            Temple (1/1) D:6            Lair (1/8) D:10
    Orc: D:9-12

Altars:
Ashenzari
Cheibriados
Elyvilon
Fedhas
Kikubaaqudgha
Makhleb
Nemelex Xobeh
Okawaru
Sif Muna
Trog
Vehumet
Xom
Yredelemnul
Zin
the Shining One

Shops:
D:10 ?


Innate Abilities, Weirdness & Mutations

You heal slowly.
You can bottle blood from corpses.
You have razor-sharp teeth.*
You have supernaturally acute eyesight.
You can survive without breathing.*
You are partially covered in molten scales (AC +1).*
((You have an increased reservoir of magic (+10% MP).))+


Message History

Moving in this stuff is going to be slow.
The komodo dragon barely misses you. The komodo dragon bites you!
* * * LOW HITPOINT WARNING * * *
Casting: Searing Ray
Confirm with . or Enter, or press ? or * to list all spells.
Aiming: Iskenderun's Mystic Blast
Press: ? - help, Shift-Dir - straight line, f/p - komodo dragon
Aim: a komodo dragon (moderately wounded)
The orb of energy hits the komodo dragon.
The komodo dragon is heavily wounded.
* * * LOW MAGIC WARNING * * *
The komodo dragon bites you!
* * * LOW HITPOINT WARNING * * *
Drink which item? (? for menu, Esc to quit)
You feel much better. The komodo dragon closely misses you.
Read which item? (? for menu, Esc to quit)
As you read the scroll of teleportation, it crumbles to dust.
You feel strangely unstable. The komodo dragon bites you!
You die...

..................
.............j......
.....................
......................
.....[................
.................#.....
..................##....
.............##....#...
........#...@###....# .
............l.##.....#
..............###...#
...............###.##
.................##
(..f.>..#...j≈≈≈≈.##
.##....#.≈≈≈≈≈≈≈≈.#
##...#≈≈≈≈≈≈≈≈≈.##
#####.≈≈≈≈≈≈≈≈≈.#


You could see an agate snail and a komodo dragon.

Vanquished Creatures
  2 hill giants (D:10)
  Pikel (D:7)
  A troll (D:9)
  A komodo dragon (D:10)
  Eustachio (D:7)
  2 hungry ghosts
  A hill giant skeleton (D:10)
  Menkaure (D:6)
  An ice beast (D:6)
  4 phantoms
  A giant goldfish (Lair:1)
  6 ogres
  2 orc warriors
  2 sky beasts
  3 slaves (D:7)
  6 centaurs
  A big kobold (Sewer)
  Duvessa (D:7)
  8 giant frogs
  A cyclops skeleton (D:9)
  2 yak skeletons
  5 killer bees (D:9)
  Dowan (D:7)
  A goliath beetle (D:7)
  A big fish (Sewer)
  7 crimson imps
  A quasit (D:9)
  A centaur zombie (D:6)
  Crazy Yiuf (D:6)
  A gnoll shaman (D:6)
  3 orc priests
  3 iron imps (D:8)
  A giant frog skeleton (D:8)
  3 orc wizards
  A scorpion (D:4)
  5 hounds
  5 worker ants
  5 iguanas
  An ogre zombie (D:5)
  A sky beast zombie (D:8)
  Ijyb (D:6)
  A mottled dragon skeleton (D:10)
  A mummy (D:10)
  A worker ant zombie (D:10)
  A green rat (Sewer)
  13 adders
  8 gnolls
  4 giant mites
  4 worms
  3 grey rats
  A giant eyeball (D:4)
  11 giant geckos
  An ooze (D:2)
  14 orcs
  A ball python (D:3)
  10 giant cockroaches
  17 goblins
  15 hobgoblins
  11 jackals
  14 kobolds
  3 quokkas
  16 bats
  4 giant newts
  A gnoll skeleton (D:5)
  An orc zombie (D:5)
  A quokka zombie (D:10)
  18 rats
  3 ballistomycetes (D:8)
274 creatures vanquished.

Vanquished Creatures (others)
  2 fulminant prisms
  An orc (D:6)
  A giant spore (D:8)
  A plant (D:10)
5 creatures vanquished.

Grand Total: 279 creatures vanquished

Notes
Turn   | Place    | Note
--------------------------------------------------------------
     0 | D:1      | PolkaDot, the Vampire Conjurer, began the quest for the Orb.
     0 | D:1      | Reached XP level 1. HP: 13/13 MP: 3/3
   320 | D:1      | Reached XP level 2. HP: 19/19 MP: 4/4
   375 | D:1      | Reached skill level 1 in Short Blades
   880 | D:2      | Reached XP level 3. HP: 24/24 MP: 6/6
  1108 | D:2      | Reached XP level 4. HP: 26/30 MP: 7/7
  1357 | D:2      | Learned a level 2 spell: Searing Ray
  1362 | D:2      | Learned a level 4 spell: Iskenderun's Mystic Blast
  1557 | D:3      | Reached skill level 4 in Conjurations
  1850 | D:3      | Found a glowing drain.
  1900 | Sewer    | Entered a sewer
  1905 | Sewer    | Reached XP level 5. HP: 32/35 MP: 5/9
  2303 | Sewer    | Noticed a big kobold
  2372 | Sewer    | Killed a big kobold
  2520 | Sewer    | Found a white marble altar of Elyvilon.
  2746 | D:3      | Reached XP level 6. HP: 41/41 MP: 10/10
  3004 | D:4      | Paralysed by a giant eyeball for 2 turns
  3082 | D:4      | Found a blossoming altar of Fedhas.
  3278 | D:4      | Reached skill level 5 in Conjurations
  3645 | D:4      | Reached XP level 7. HP: 35/46 MP: 7/12
  4032 | D:5      | Entered Level 5 of the Dungeon
  4052 | D:5      | Found a bloodstained altar of Trog.
  4170 | D:5      | Gained mutation: You are partially covered in molten scales (AC +1). [potion of beneficial mutation]
  4171 | D:5      | Gained mutation: You have an increased reservoir of magic (+10% MP). [potion of beneficial mutation]
  4176 | D:5      | Found a white marble altar of Elyvilon.
  4377 | D:5      | Reached skill level 5 in Short Blades
  4377 | D:5      | Reached skill level 6 in Conjurations
  4677 | D:5      | Reached XP level 8. HP: 32/52 MP: 6/14
  4878 | D:5      | Reached skill level 7 in Conjurations
  5045 | D:6      | Noticed Ijyb
  5049 | D:6      | Noticed Menkaure
  5055 | D:6      | Killed Menkaure
  5067 | D:6      | Killed Ijyb
  5336 | D:6      | Reached skill level 8 in Conjurations
  5347 | D:6      | Found a staircase to the Ecumenical Temple.
  5359 | Temple   | Entered the Ecumenical Temple
  5416 | Temple   | Became a worshipper of Sif Muna the Loreminder
  6307 | D:6      | Got a smoking leather armour
  6446 | D:6      | Acquired Sif Muna's first power
  6513 | D:6      | Reached XP level 9. HP: 57/57 MP: 15/15
  6686 | D:6      | Reached skill level 9 in Conjurations
  6785 | D:6      | Noticed Crazy Yiuf
  6793 | D:6      | Killed Crazy Yiuf
  7083 | D:7      | Identified the cursed +3 leather armour of Okawaru's Generosity {+Inv Acc+3} (You found it on level 6 of the Dungeon)
  7231 | D:7      | Noticed Eustachio
  7232 | D:7      | Noticed Duvessa
  7234 | D:7      | Noticed Dowan
  7276 | D:7      | Killed Duvessa
  7305 | D:7      | Killed Eustachio
  7332 | D:7      | Killed Dowan
  7459 | D:7      | Acquired Sif Muna's second power
  7466 | D:7      | Learned a level 5 spell: Fulminant Prism
  7686 | D:7      | Reached skill level 10 in Conjurations
  7713 | D:7      | Noticed Pikel
  7724 | D:7      | Killed Pikel
  8312 | D:8      | Reached XP level 10. HP: 44/63 MP: 2/17
  8507 | D:8      | Found a burning altar of Makhleb.
  8538 | D:8      | Reached skill level 5 in Hexes
  9266 | D:9      | Reached skill level 11 in Conjurations
  9294 | D:8      | Found an iron altar of Okawaru.
  9318 | D:9      | Found a snail-covered altar of Cheibriados.
  9334 | D:9      | Found a radiant altar of Vehumet.
  9546 | D:9      | Found a basalt altar of Yredelemnul.
  9614 | D:10     | Entered Level 10 of the Dungeon
  9889 | D:10     | Noticed a hill giant
  9911 | D:10     | Killed a hill giant
  9911 | D:10     | Acquired Sif Muna's third power
 10046 | D:10     | Found Woxask's Magic Scroll Shop.
 10126 | D:10     | Noticed a hill giant
 10302 | D:10     | Killed a hill giant
 10603 | D:10     | Found a staircase to the Lair.
 11100 | Lair:1   | Entered Level 1 of the Lair of Beasts
 11236 | Lair:1   | Learned a level 3 spell: Flight
 11321 | Lair:1   | Mangled by a komodo dragon

Action                   |  1- 3 |  4- 6 |  7- 9 | 10-12 || total
-------------------------+-------+-------+-------+-------++-------
Melee: Dagger            |   112 |   168 |   394 |   186 ||   860
       Unarmed           |     7 |       |       |       ||     7
 Cast: Magic Dart        |     5 |     2 |     2 |       ||     9
       Searing Ray       |       |    12 |    57 |    37 ||   106
       Iskenderun's Myst |       |     3 |     1 |    27 ||    31
       Fulminant Prism   |       |       |       |     2 ||     2
Invok: Channel Energy    |       |       |       |     9 ||     9
 Abil: Bottle Blood      |       |       |     6 |       ||     6
Evoke: Wand              |       |       |       |     2 ||     2
  Use: Potion            |     1 |     1 |    14 |     2 ||    18
       Scroll            |       |    15 |    13 |     9 ||    37
 Stab: Sleeping          |    10 |     8 |     8 |       ||    26
       Invisible         |       |       |     3 |       ||     3
       Distracted        |       |       |     1 |       ||     1
